[ AOE2 MATCH · #507844970 ]
UnrankedBohemians vs Cumans
[ REPLAY ANALYSIS · EXTRACTED FROM THE RECORDED GAME ]
Feudal
—
Castle
—
Imperial
—
| APM avg | 24.7 |
| APM peak | 30 |
| eAPM avg | 19.8 |
| Villagers / military | 6 / 0 |
Focus
⚔️ 20.0% · 🌾 80.0%
Feudal
—
Castle
—
Imperial
—
| APM avg | 5.6 |
| APM peak | 9 |
| eAPM avg | 5.6 |
| Villagers / military | 0 / 0 |
Feudal
—
Castle
—
Imperial
—
| APM avg | 48.9 |
| APM peak | 43 |
| eAPM avg | 29.7 |
| Villagers / military | 8 / 0 |
Focus
⚔️ 18.2% · 🌾 81.8%
Feudal
—
Castle
—
Imperial
—
| APM avg | 26.6 |
| APM peak | 43 |
| eAPM avg | 10.5 |
| Villagers / military | 4 / 0 |
Focus
⚔️ 0.0% · 🌾 100.0%
Match map
Initial resources + every placement click. Lines = walls · curves = elevation contours. ◆ gold · ⬟ stone · ● berries · ✦ relic · ◌ wall gap
Your base
BP ALEXTaXx's base
SIN CLAN's base
botas.el.gato's base
Smoothed initial terrain · ◌ = detected wall gap · hover for details
Inputs per minute
— ITzMfMiyagi - - BP ALEXTaXx
Build order — ITzMfMiyagi
8 actions detected in the replay
| 0:00 | Queue | Villager (Male) |
| 0:09 | Build | Lumber Camp |
| 0:18 | Queue | Villager (Male) |
| 0:23 | Build | Mill |
| 0:36 | Queue | Villager (Male) |
| 0:55 | Queue | Villager (Male) |
| 1:12 | Queue | Villager (Male) |
| 1:29 | Queue | Villager (Male) |
Build order — BP ALEXTaXx
0 actions detected in the replay
Build order — SIN CLAN
10 actions detected in the replay
| 0:01 | Queue | Villager (Male) |
| 0:02 | Queue | Villager (Male) |
| 0:02 | Queue | Villager (Male) |
| 0:07 | Build | Lumber Camp |
| 0:23 | Build | Mill |
| 0:48 | Queue | Villager (Male) |
| 0:49 | Queue | Villager (Male) |
| 1:30 | Queue | Villager (Male) |
| 1:30 | Queue | Villager (Male) |
| 1:30 | Queue | Villager (Male) |
Build order — botas.el.gato
6 actions detected in the replay
| 0:00 | Queue | Villager (Male) |
| 0:01 | Queue | Villager (Male) |
| 0:01 | Queue | Villager (Male) |
| 0:02 | Queue | Villager (Male) |
| 0:05 | Build | Lumber Camp |
| 0:32 | Build | Mill |
Match timeline
| 0:01 | BP ALEXTaXx · resign |
[ AI ANALYSIS · 1 CREDIT ]
What really happened in this match?
Wolo.gg analyzes every decision: build order, eco, micro, common mistakes by bracket. Personalized analysis on WhatsApp or Discord in 30 seconds.
Civ guide
Bohemians
Perfil
Jugador #21682640